 Dungeon Crawl Stone Soup version 0.19-a0-811-gf4045fb (webtiles) character file.

5495 HAL9000 the Grappler (level 10, -13/84 HPs)
             Began as a Yellow Draconian Transmuter on June 28, 2016.
             Was an Initiate of Hepliaklqana.
             Killed by the air
             ... invoked by Gastronok
              (33 damage)
             ... on level 1 of the Lair of Beasts.
             The game lasted 00:28:13 (7533 turns).

HAL9000 the Grappler (Yellow Draconian Transmuter)  Turns: 7533, Time: 00:28:14

Health: -13/84     AC:  2    Str: 16    XL:     10   Next: 42%
Magic:  11/19      EV: 19    Int: 15    God:    Hepliaklqana [......]
Gold:   354        SH:  0    Dex: 17    Spells: 5 memorised, 6 levels left

rFire  . . .     SeeInvis .       - Unarmed
rCold  . . .     Gourm    .     (armour unavailable)
rNeg   . . .     Faith    .     (shield currently unavailable)
rPois  x         Spirit   .     (helmet currently unavailable)
rElec  .         Dismiss  .     (cloak currently unavailable)
rCorr  .         Reflect  .     (gloves currently unavailable)
SustAt .         Harm     .     (boots currently unavailable)
MR     .....     Rnd*Tele +     i - amulet of regeneration
Stlth  ++........               t - ring of teleportation (curse)
                                y - +2 ring of intelligence

@: spider-form, not resistant to hostile enchantments, unstealthy
A: (spit acid), (acid resistance), unfitting armour, (cold-blooded), AC +7
a: End Transformation, Recall Ancestor, Ancestor Identity, Renounce Religion


You were on level 1 of the Lair of Beasts.
You worshipped Hepliaklqana.
Hepliaklqana was noncommittal.
You were not hungry.
You were a venomous arachnid creature.
You visited 3 branches of the dungeon, and saw 11 of its levels.

You collected 354 gold pieces.

Inventory:

Missiles
 a - 94 arrows
Armour
 j - a +1 pair of boots (melded)
 z - a +2 shield
 D - a +0 pair of gloves (melded)
Jewellery
 i - an amulet of regeneration (around neck)
 t - a cursed ring of teleportation (right front leg)
 y - a +2 ring of intelligence (left front leg)
 G - a +1 ring of evasion {unknown}
Wands
 I - a wand of lightning (4/15)
Scrolls
 e - 2 scrolls of identify
 o - 2 scrolls of enchant armour
 s - a scroll of teleportation
 u - a scroll of magic mapping
 v - 2 scrolls of blinking
 H - a scroll of amnesia
Potions
 d - 3 potions of heal wounds {unknown}
 f - 2 potions of cure mutation {unknown}
 l - a potion of agility {unknown}
 q - 2 potions of lignification {unknown}
 r - 4 potions of curing
 B - a potion of resistance {unknown}
 E - 4 potions of might
Books
 b - a book of Changes

   Spells                             Type                      Level
   a - Beastly Appendage              Transmutation                1
   b - Sticks to Snakes               Transmutation                2
   c - Spider Form                    Transmutation/Poison         3
   d - Ice Form                       Ice/Transmutation            4
   e - Blade Hands                    Transmutation                5
Comestibles
 c - 5 bread rations
 k - 6 meat rations
 A - 2 beef jerkies


   Skills:
 + Level 6.8 Fighting
 - Level 1.7 Dodging
 * Level 9.8 Unarmed Combat
 + Level 6.0 Spellcasting
 * Level 9.2 Transmutations


You had 6 spell levels left.
You knew the following spells:

 Your Spells              Type           Power        Failure   Level  Hunger
a - Beastly Appendage     Tmut           ####..       3%          1    None
b - Sticks to Snakes      Tmut           ####....     3%          2    #......
c - Spider Form           Tmut/Pois      ###.......   24%         3    ##.....
d - Ice Form              Ice/Tmut       ###.....     45%         4    ####...
e - Blade Hands           Tmut           ####......   28%         5    ######.


Dungeon Overview and Level Annotations

Branches:
Dungeon (9/15)             Temple (1/1) D:5            Lair (1/6) D:8
    Orc: D:9-12

Altars:
Dithmenos
Elyvilon
Fedhas
Gozag
Hepliaklqana
Kikubaaqudgha
Makhleb
Nemelex Xobeh
Okawaru
Pakellas
Qazlal
Ru
Sif Muna
Trog
Uskayaw
Vehumet
Xom
Yredelemnul
Zin
The Shining One

Shops:
D:5 }==

Annotations:
Lair:1 Gastronok


Innate Abilities, Weirdness & Mutations

((You can spit globs of acid.))
((You are resistant to acid.))
((Your golden yellow scales are hard. (AC +7)))
Your body does not fit into most forms of armour.
((You are cold-blooded and may be slowed by cold attacks.))


Message History

Gastronok is moderately wounded.
Your ball python bites Gastronok. x2
Your ball python bites Gastronok but does no damage.
The river rat barely misses your ball python.
Gastronok gurgles, "I'll eat you, I will!"
Gastronok bites you!!
* * * LOW HITPOINT WARNING * * *
Your ball python bites Gastronok.
You hit Gastronok but do no damage.
Gastronok is moderately wounded.
Your ball python bites Gastronok but does no damage. x4
The river rat bites your ball python!
Your ball python dies!
Unknown command.
You bite Gastronok!
Gastronok looks as sick as possible!
Gastronok is heavily wounded.
Your ball python bites Gastronok.
Gastronok waves his eye-stalks in wide circles.
The air twists around and strikes you!
You die...

.###+ #+###...
.....#.##.#PP..#
...............##
.................
.................
%................
......S.........#
....rS.RS<.....#
.....SwsS......#
....#.##+####....
. # .#.


You could see the friendly kuche the ancestor, Gastronok, a river rat and 5
friendly ball pythons.

Vanquished Creatures
  Erolcha (D:8)
  Pikel (D:5)
  A komodo dragon (D:8)
  Grinder (D:5)
  4 porcupines (D:8)
  3 ice beasts
  2 sky beasts
  A slave (D:5)
  A black bear (D:7)
  2 phantoms
  6 ogres
  2 centaurs (D:7)
  4 giant frogs
  2 big kobolds
  2 scorpions (D:7)
  A water moccasin skeleton (D:4)
  Dowan (D:6)
  2 electric eels (D:7)
  2 howler monkeys (D:8)
  2 crimson imps (D:8)
  A jelly (D:8)
  2 hounds (D:8)
  3 orc priests
  An orc wizard (D:3)
  A giant frog skeleton (D:8)
  2 worker ants
  2 hound skeletons
  A gnoll (D:7)
  4 adders
  3 shadow imps
  2 oozes
  An adder zombie (D:7)
  An adder skeleton (D:4)
  3 worms
  5 dart slugs
  The ghost of Amnesiac the Magician, a weakling DEWz (D:5)
  8 giant geckos
  14 orcs
  9 bats
  9 giant cockroaches
  7 goblins
  9 hobgoblins
  21 jackals
  6 quokkas
  A ball python (D:5)
  2 giant newts
  15 kobolds
  2 quokka skeletons
  A quokka zombie (D:6)
  11 rats
  A spectral orc (D:5)
190 creatures vanquished.

Vanquished Creatures (collateral kills)
  Prince Ribbit (D:5)
  Duvessa (D:6)
  A phantom (D:8)
  2 ice beasts
  2 slaves (D:5)
  An eye of draining (D:8)
  A giant frog (D:7)
  A scorpion (D:4)
  2 howler monkeys
  An orc wizard (D:3)
  A worker ant (D:8)
  An adder (D:2)
  2 gnolls (D:5)
  A howler monkey skeleton (D:8)
  A river rat (D:8)
  2 worms (D:2)
  2 dart slugs (D:7)
  A giant gecko (D:6)
  A hobgoblin (D:2)
  2 quokkas
  A jackal skeleton (D:6)
  A rat (D:8)
29 creatures vanquished.

Vanquished Creatures (others)
  Menkaure (D:7)
  A slave (D:5)
  An orc priest (D:5)
  An orc wizard (D:5)
  An ancestor (D:8)
  A giant cockroach zombie (D:5)
6 creatures vanquished.

Grand Total: 225 creatures vanquished

Notes
Turn   | Place    | Note
--------------------------------------------------------------
     0 | D:1      | HAL9000 the Draconian Transmuter began the quest for the Orb.
     0 | D:1      | Reached XP level 1. HP: 16/16 MP: 3/3
   283 | D:1      | Reached XP level 2. HP: 18/23 MP: 3/5
   375 | D:1      | Learned a level 2 spell: Sticks to Snakes
   866 | D:1      | Reached XP level 3. HP: 28/28 MP: 4/6
  1192 | D:1      | Learned a level 3 spell: Spider Form
  1234 | D:2      | Found an oddly glowing altar of Pakellas.
  1244 | D:2      | Found an ancient bone altar of Kikubaaqudgha.
  1246 | D:2      | Found a blossoming altar of Fedhas.
  1683 | D:2      | Found a shadowy altar of Dithmenos.
  1772 | D:2      | Reached XP level 4. HP: 24/35 MP: 5/7
  2491 | D:3      | Found a blossoming altar of Fedhas.
  2644 | D:3      | Reached XP level 5. HP: 23/41 MP: 6/8
  3192 | D:3      | Found a deep blue altar of Sif Muna.
  3455 | D:4      | Reached XP level 6. HP: 41/50 MP: 8/10
  3705 | D:4      | Learned a level 4 spell: Ice Form
  3773 | D:4      | Reached skill level 5 in Unarmed Combat
  3986 | D:5      | Entered Level 5 of the Dungeon
  4001 | D:5      | Noticed Grinder
  4032 | D:5      | Killed Grinder
  4032 | D:5      | Your scales start taking on a golden yellow colour.
  4032 | D:5      | Reached XP level 7. HP: 57/57 MP: 2/11
  4175 | D:5      | Noticed Amnesiac's ghost (weakling DEWz)
  4182 | D:5      | Killed Amnesiac's ghost
  4253 | D:5      | Noticed Pikel
  4264 | D:5      | Killed Pikel
  4264 | D:5      | Reached skill level 5 in Transmutations
  4264 | D:5      | Reached XP level 8. HP: 39/66 MP: 1/13
  4313 | D:5      | Found a bloodstained altar of Trog.
  4316 | D:5      | Found a burning altar of Makhleb.
  4421 | D:5      | Found Xoiwk's Jewellery Shoppe.
  4422 | D:5      | Found Otseurul's Gadget Boutique.
  4425 | D:5      | Found a staircase to the Ecumenical Temple.
  4469 | D:5      | Found Wutros's Jewellery Shoppe.
  4510 | Temple   | Entered the Ecumenical Temple
  4649 | D:5      | Found a sacrificial altar of Ru.
  4812 | D:5      | Found a basalt altar of Yredelemnul.
  4823 | D:5      | Noticed Prince Ribbit
  4852 | D:5      | Killed Prince Ribbit
  5142 | D:6      | Found a sparkling altar of Nemelex Xobeh.
  5237 | D:6      | Reached skill level 5 in Fighting
  5276 | D:6      | Noticed Dowan
  5277 | D:6      | Noticed Duvessa
  5291 | D:6      | Killed Dowan
  5295 | D:6      | Killed Duvessa
  5308 | D:6      | Found a hide-covered altar of Uskayaw.
  5399 | D:7      | Reached XP level 9. HP: 69/74 MP: 16/16
  5535 | D:7      | Noticed Menkaure
  5548 | D:7      | Killed Menkaure
  5685 | D:7      | Learned a level 5 spell: Blade Hands
  5772 | D:7      | Reached skill level 5 in Spellcasting
  5843 | D:7      | Found a glowing silver altar of Zin.
  6423 | D:7      | Found a hazy altar of Hepliaklqana.
  6477 | D:7      | Became a worshipper of Hepliaklqana
  6563 | D:8      | Found a staircase to the Lair.
  6567 | D:8      | Noticed a komodo dragon
  6581 | D:8      | Killed a komodo dragon
  6738 | D:8      | Reached XP level 10. HP: 35/83 MP: 1/18
  7173 | D:8      | Noticed Erolcha
  7186 | D:8      | Killed Erolcha
  7520 | Lair:1   | Entered Level 1 of the Lair of Beasts
  7520 | Lair:1   | Noticed Gastronok
  7533 | Lair:1   | Killed from afar by Gastronok

Vault maps used:
D:1:      dpeg_arrival_morbid_curiosity
D:2:      grunt_temple_overflow_growth_and_decay,
          nicolae_dithmenos_through_a_glass_darkly, grunt_pakellas_salt
D:3:      tgw_sif, fedhas_altar_2
D:4:      first_bread, kennysheep_generic_room_4
D:5:      minmay_shop_grove, yredelemnul_forgotten_temple_becter,
          gammafunk_temple_overflow_statue, hangedman_ru_absence,
          uniq_prince_ribbit1, uniq_grinder, uniq_pikel
D:6:      eat_drink_and_be_merry_uskayaw, nemelex_xobeh_ov_fountains_minmay,
          uniq_duvessa
D:7:      kennysheep_slugbush, zin_academy, nicolae_overflow_crystal_walls,
          uniq_menkaure
D:8:      dpeg_lair_monsters, serial_corexii_hall, corexii_hall_statues_t,
          corexii_hall_statues_x, uniq_erolcha
D:9:      evilmike_ruin_ashenzari, cheibriados_altar_1, grunt_pizzeria
Temple:   compressed_dpeg_triangle_lava_temple
Lair:1:   gammafunk_lair_bear_cave, basic_altar, beast_lair_carwin_2,
          serial_bayou_shore_b, uniq_joseph, uniq_sonja, uniq_gastronok

Skill      XL: |  1  2  3  4  5  6  7  8  9 10 |
---------------+-------------------------------+-----
Transmutations | 3 4 5 7 8 9 |  9.2
Fighting       | 2 3 4 5 6 |  6.8
Unarmed Combat | 4 5 6 7 9 |  9.8
Spellcasting   | 3 4 5 6 |  6.0
Dodging        | |  1.7

Action                   |  1- 3 |  4- 6 |  7- 9 | 10-12 || total
-------------------------+-------+-------+-------+-------++-------
Melee: Unarmed           |   170 |   276 |   320 |   104 ||   870
       Tailslap          |    16 |    27 |    27 |     9 ||    79
       Kick              |     7 |       |       |       ||     7
       Headbutt          |     7 |    17 |    17 |     2 ||    43
       Punch             |     4 |     9 |     7 |     6 ||    26
 Cast: Beastly Appendage |    16 |    19 |     9 |     2 ||    46
       Sticks to Snakes  |     6 |    24 |    32 |     3 ||    65
       Spider Form       |       |       |    12 |     3 ||    15
 Abil: Spit Acid         |       |       |     8 |     1 ||     9
       End Transformatio |       |       |     2 |       ||     2
  Use: Scroll            |       |     6 |     6 |     2 ||    14
 Stab: Sleeping          |     2 |     1 |       |     1 ||     4
       Distracted        |       |       |     3 |     1 ||     4
  Eat: Chunk             |     4 |     9 |    12 |       ||    25
       Fruit             |       |       |       |     2 ||     2
       Meat ration       |       |       |       |     1 ||     1
Armor: Skin              |    55 |    95 |    77 |    27 ||   254
Dodge: Dodged            |   119 |   208 |   228 |    45 ||   600
